 Dungeon Crawl Stone Soup version 0.29-a0-380-gf50f0a9fbc (webtiles) character file.

Game seed: 3500961939718838756

522 Antichthon the Skirmisher (level 7, -4/56 HPs)
             Began as a Formicid Abyssal Knight on May 5, 2022.
             Was a Priest of Lugonu.
             Slain by an ogre
             ... wielding a +0 giant club
              (11 damage)
             ... on level 4 of the Dungeon.
             The game lasted 00:04:27 (3662 turns).

Antichthon the Skirmisher (Formicid Abyssal Knight) Turns: 3662, Time: 00:04:28

Health: -4/56      AC: 11    Str: 17    XL:     7   Next: 46%
Magic:  9/9        EV: 11    Int:  5    God:    Lugonu [***...]
Gold:   153        SH:  0    Dex: 20    Spells: 6/6 levels left

rFire   . . .      SeeInvis +   a - +2 mace
rCold   . . .      Faith    .   (no shield)
rNeg    + + .      Spirit   .   b - +5 ring mail "Iboh" {*Corrode rN++ Int-5 Dex+7}
rPois   .          Reflect  .   (helmet unavailable)
rElec   .          Harm     .   (no cloak)
rCorr   .          Rampage  .   (no gloves)
Will    .....                   j - +0 pair of boots
Stlth   ++........              (no amulet)
HPRegen 0.18/turn               (no ring)
MPRegen 0.11/turn               (no ring)

@: no status effects
A: permanent stasis, dig shafts and tunnels, antennae 3, four strong arms
a: Dig, Shaft Self, Renounce Religion, Depart the Abyss, Bend Space, Banish


You were on level 4 of the Dungeon.
You worshipped Lugonu.
Lugonu was most pleased with you.
You visited 1 branch of the dungeon, and saw 4 of its levels.
You visited the Abyss 1 time.

You collected 153 gold pieces.

Inventory:

Hand Weapons
 a - a +2 mace (weapon)
Armour
 b - the +5 ring mail "Iboh" (worn) {*Corrode rN++ Int-5 Dex+7}
   (You found it on level 2 of the Dungeon)

   Int:       It affects your intelligence (-5).
   Dex:       It affects your dexterity (+7).
   rN:        It greatly protects you from negative energy.
   *Corrode:  It may corrode you when you take damage.
 j - a +0 pair of boots (worn)
Wands
 o - a wand of mindburst (15)
Scrolls
 f - a scroll of immolation
 g - 2 scrolls of enchant weapon
 i - a scroll of silence
 m - a scroll of fog
Potions
 c - a potion of curing
 d - a potion of lignification {unknown}
 e - a potion of brilliance {unknown}
 h - a potion of haste {unknown}
 k - a potion of magic {unknown}
 l - 3 potions of might {unknown}
 n - a potion of flight {unknown}


   Skills:
 * Level 5.1 Fighting
 - Level 2.0 Maces & Flails
 * Level 3.8 Crossbows
 * Level 3.6 Armour
 * Level 1.7 Dodging
 * Level 2.2 Stealth
 * Level 2.0 Shields
 * Level 2.9 Invocations
 * Level 1.6 Evocations


You had 6 spell levels left.
You didn't know any spells.
Your spell library contained the following spells:

 Spells                   Type           Power      Damage    Failure   Level
 Ensorcelled Hibernation  Hex/Ice        0%         N/A       82%         2
 Confusing Touch          Hex            0%         N/A       96%         3
 Spider Form              Tmut/Pois      0%         N/A       96%         3
 Anguish                  Hex/Necr       0%         N/A       100%        4
 Yara's Violent Unravell  Hex/Tmut       0%         3d3       100%        5
 Enfeeble                 Hex            0%         N/A       100%        7


Dungeon Overview and Level Annotations

Branches:
Dungeon (4/15)
 Temple: D:4-7

Altars:
Dithmenos


Innate Abilities, Weirdness & Mutations

You cannot be hasted, slowed, berserked, paralysed or teleported.
You can dig through walls and to a lower floor.
You have a pair of large antennae on your head. (SInv)
Your four strong arms can wield two-handed weapons with a shield.


Message History

a +0 dagger; a +0 robe; an orc corpse You thump the orc!
You kill the orc!
Lugonu accepts your kill.
You now have 153 gold pieces (gained 12).
You see here a +0 club.
HP restored.
Found a scroll of poison.
Found a stone staircase leading down.
You sense a monster nearby.
You sense a monster nearby.
o - a wand of mindburst (15)
There are no items here.
You sense a monster nearby.
An ogre comes into view. It is wielding a +0 giant club.
The ogre shouts!
A scorpion comes into view.
An iguana comes into view.
The ogre hits you with a +0 giant club.
You barely miss the ogre. The ogre hits you with a +0 giant club!
The iguana hisses angrily.
You hit the ogre.
The ogre is lightly wounded.
The ogre hits you with a +0 giant club!
You sock the ogre!
The ogre is heavily wounded.
You hit the ogre but do no damage.
The ogre is heavily wounded.
The ogre closely misses you.
You sock the ogre!
The ogre is severely wounded.
The ogre closely misses you.
You hit the ogre.
The ogre is almost dead.
The ogre hits you with a +0 giant club!!
* * * LOW HITPOINT WARNING * * *
Unknown command.
Okay, then.
Okay, then.
You feel better. The ogre hits you with a +0 giant club!
You die...

....... #........
.#....... .........
.........
........#####
.........#O..#
.........@#
.........#l..# ..
.....##.#####{..
...... #.........
###.###.###........
.#............##..#..
...............>.....
.................#.#
#.................#


You could see an ogre and an iguana.

Vanquished Creatures
  Grinder (D:3)
  Pargi (D:3)
  An orc priest (D:3)
  Jessica (D:3)
  An orc wizard (D:4)
  Natasha (thrice) (D:3)
  2 adders (D:2)
  2 worms (D:2)
  2 dart slugs (D:2)
  2 orcs
  3 endoplasms
  A giant cockroach (D:2)
  5 goblins
  8 hobgoblins
  2 ball pythons (D:3)
  A bat (D:1)
  2 frilled lizards (D:1)
  8 kobolds
  7 rats
53 creatures vanquished.

Notes
Turn   | Place    | Note
-------+----------+-------------------------------------------
     0 | Abyss:1  | Antichthon the Formicid Abyssal Knight began the quest for
                  | the Orb.
     0 | Abyss:1  | Reached XP level 1. HP: 18/18 MP: 2/2
    20 | Abyss:1  | Found a corrupted altar of Lugonu.
    41 | D:1      | Escaped the Abyss
   223 | D:1      | Reached skill level 1 in Crossbows
   370 | D:1      | Reached XP level 2. HP: 24/24 MP: 3/3
   996 | D:2      | You fall into a shaft and drop 1 floor!
  1096 | D:2      | Found a faded altar of an unknown god.
  1162 | D:2      | Reached XP level 3. HP: 19/29 MP: 4/4
  1591 | D:2      | Reached XP level 4. HP: 32/35 MP: 5/5
  1812 | D:2      | Identified the +5 ring mail "Iboh" {*Corrode rN++ Int-5
                  | Dex+7}
  1948 | D:2      | Reached *** piety under Lugonu
  2125 | D:2      | Identified the +0 leather armour of Poor Excuses {rPois}
  2268 | D:3      | Found a shadowy altar of Dithmenos.
  2287 | D:3      | Noticed Grinder
  2309 | D:3      | Killed Grinder
  2310 | D:3      | Reached skill level 4 in Fighting
  2310 | D:3      | Reached skill level 1 in Dodging
  2310 | D:3      | Reached skill level 1 in Stealth
  2310 | D:3      | Reached skill level 1 in Shields
  2310 | D:3      | Reached skill level 1 in Evocations
  2310 | D:3      | Reached XP level 5. HP: 32/43 MP: 6/6
  2310 | D:3      | Reached XP level 6. HP: 36/49 MP: 7/7
  2544 | D:3      | Noticed Pargi
  2571 | D:3      | Killed Pargi
  2936 | D:3      | Noticed Natasha
  2947 | D:3      | Killed Natasha
  2948 | D:3      | Reached XP level 7. HP: 55/55 MP: 9/9
  3053 | D:3      | Noticed Jessica
  3056 | D:3      | Killed Jessica
  3059 | D:3      | Noticed Natasha
  3070 | D:3      | Killed Natasha
  3071 | D:3      | Reached skill level 5 in Fighting
  3196 | D:3      | Noticed Natasha
  3213 | D:3      | Killed Natasha
  3661 | D:4      | HP: 1/56 [ogre/+0 giant club (25)]
  3662 | D:4      | Slain by an ogre

Illustrated notes

Levels and vault maps discovered:
D:1:      evilmike_arrival_crescent, layout_loops_cross
D:2:      layout_basic, hellmonk_ecumenical_altar_crossroads
D:3:      layout_loops_ring, lemuel_crystal_altar,
          hangedman_decor_clover_reticule, uniq_grinder, uniq_natasha,
          uniq_jessica, uniq_pargi
D:4:      layout_cave_pools, kennysheep_little_box,
          mainiacjoe_overflow_brackets, minmay_temple_entry_junction,
          chequers_jeans, chequers_serial_rivers_small_a,
          amcnicky_mini_corridor_feature, minmay_distorted

Skill      XL: |  1  2  3  4  5  6  7 |
---------------+----------------------+-----
Crossbows      | 1 2 3 |  3.8
Fighting       | 4 5 |  5.1
Dodging        | 1 |  1.7
Stealth        | 1 2 |  2.2
Shields        | 1 2 |  2.0
Evocations     | 1 |  1.6
Armour         | 3 |  3.6
Maces & Flails | |  2.0
Invocations    | |  2.9

Action                   |  1- 3 |  4- 6 |  7- 9 || total
-------------------------+-------+-------+-------++-------
Melee: Mace              |    78 |    72 |    56 ||   206
  Use: Scroll            |       |     6 |     3 ||     9
       Potion            |       |     1 |     1 ||     2
 Stab: Sleeping          |       |       |     1 ||     1
Armor: Leather armour    |     5 |       |       ||     5
       Scale mail        |    39 |     2 |       ||    41
       Ring mail         |       |    51 |    24 ||    75
Dodge: Dodged            |    40 |    55 |    43 ||   138

Table legend: (Time is in decaauts)
 A = Elapsed time spent in this place.
 B = Non-inter-level travel time spent in this place.
 C = Inter-level travel time spent in this place.
 D = Time resting spent in this place.
 E = Time spent auto-exploring this place.
 F = Levels seen in this place.
 G = Mean time per level.
                   A        B        C        D        E       F      G
               +--------+--------+--------+--------+--------+-----+--------+
         Total |   3728 |   3657 |     71 |    319 |   2642 |   5 |  745.6 |
       Dungeon |   3687 |   3616 |     71 |    319 |   2609 |   4 |  921.8 |
         Abyss |     41 |     41 |      0 |      0 |     33 |   1 |   41.0 |
               +--------+--------+--------+--------+--------+-----+--------+

Top non-repeatable levels by time:
     D:3: 1367 daAuts
     D:2: 1360 daAuts
     D:1: 867 daAuts
     D:4: 92 daAuts
 Abyss:1: 41 daAuts
